 Dungeon Crawl Stone Soup version 0.26.1-2-gb8aa6d0cf2 (webtiles) character file.

Game seed: 15981741367303188884

3714 Gadfly the Ruffian (level 9, -1/85 HPs)
             Began as a Troll Monk on Feb 22, 2021.
             Was a Priest of Wu Jian.
             Slain by a skeletal warrior
             ... wielding a +0 war axe
              (25 damage)
             ... on level 6 of the Dungeon.
             The game lasted 00:12:34 (6118 turns).

Gadfly the Ruffian (Troll Monk)                     Turns: 6118, Time: 00:12:35

Health: -1/85      AC:  7    Str: 24    XL:     9   Next: 91%
Magic:  8/8        EV: 16    Int:  6    God:    Wu Jian [***...]
Gold:   348        SH:  0    Dex: 12    Spells: 4/8 levels left

rFire    . . .     SeeInvis .     - Unarmed
rCold    . . .     Faith    .   (no shield)
rNeg     . . .     Spirit   .   a - +1 robe
rPois    .         Reflect  .   (helmet restricted)
rElec    .         Harm     .   l - scarf {repulsion}
rCorr    .         Rampage  .   (gloves unavailable)
Will     +....                  (boots unavailable)
Stlth    ++........             (no amulet)
HPRegen  0.64/turn              e - ring of willpower
MPRegen  0.11/turn              c - +4 ring of evasion

@: lethally poisoned (-1 -> -2), repel missiles
A: large, unfitting armour, claws 3, regeneration 1, shaggy fur 1, tough skin 3
a: Renounce Religion, Wall Jump, Serpent's Lash


You were on level 6 of the Dungeon.
You worshipped Wu Jian.
Wu Jian was most pleased with you.
You visited 2 branches of the dungeon, and saw 8 of its levels.

You collected 504 gold pieces.
You spent 156 gold pieces at shops.

Inventory:

Hand Weapons
 b - a +2 flail of protection
Armour
 a - a +1 robe (worn)
 l - a scarf of repulsion (worn)
Jewellery
 c - a +4 ring of evasion (right claw)
 e - a ring of willpower (left claw)
 k - an uncursed ring of protection from cold
 o - an uncursed ring of fire
Wands
 m - a wand of disintegration (14) (quivered)
 q - a wand of polymorph (7)
 u - a wand of acid (11)
Scrolls
 d - 6 scrolls of teleportation
 f - a scroll of fog
 h - a scroll of enchant weapon
 p - 3 scrolls of identify
 s - 3 scrolls of remove curse
Potions
 g - 2 potions of might
 i - a potion of resistance
 j - a potion of attraction
 n - 4 potions of curing
 r - a potion of haste
 t - a potion of heal wounds


   Skills:
 + Level 4.6 Fighting
 * Level 5.6 Armour
 * Level 5.8 Dodging
 - Level 1.0 Stealth
 * Level 7.4 Unarmed Combat
 * Level 5.1 Evocations


You had 4 spell levels left.
You knew the following spells:

 Your Spells              Type           Power        Failure   Level
a - Wereblood             Tmut           0%           58%         2
b - Swiftness             Air            0%           58%         2

Your spell library contained the following spells:

 Spells                   Type           Power        Failure   Level
 Beastly Appendage        Tmut           0%           45%         1
 Shock                    Conj/Air       0%           45%         1
 Spider Form              Tmut/Pois      0%           83%         3
 Static Discharge         Conj/Air       0%           83%         3
 Airstrike                Air            0%           99%         4
 Ice Form                 Ice/Tmut       0%           99%         4
 Blade Hands              Tmut           0%           100%        5
 Lightning Bolt           Conj/Air       0%           100%        5


Dungeon Overview and Level Annotations

Branches:
Dungeon (7/15)             Temple (1/1) D:5

Altars:
Ashenzari
Cheibriados
Dithmenos
Elyvilon
Fedhas
Gozag
Hepliaklqana
Kikubaaqudgha
Makhleb
Nemelex Xobeh
Qazlal
Ru
Trog
Uskayaw
Vehumet
Wu Jian
Xom
Yredelemnul
Zin
The Shining One
Lugonu

Shops:
D:4 *

Portals:
Abyss: D:3


Innate Abilities, Weirdness & Mutations

You are too large for most types of armour.
You have claws for hands.
Your natural rate of healing is unusually fast.
You are covered in fur. (AC +1)
You have extremely tough skin. (AC +3)


Message History

You spin and attack the adder.
You claw the adder!
You kill the adder!
The Council accepts your kill.
You feel sick.
You spin and attack the phantom.
You claw the phantom!
The phantom is moderately damaged.
The phantom misses you.
The phantom blinks!
There is an escape hatch in the ceiling here.
The skeletal warrior hits you with a +0 war axe!!
* * * LOW HITPOINT WARNING * * *
A mysterious force pulls you upwards. The hatch slams shut behind you.
You feel sick.
You spin and attack the skeletal warrior.
The skeletal warrior blocks your attack.
The skeletal warrior hits you with a +0 war axe!
* * * LOW HITPOINT WARNING * * *
You feel much better.
The skeletal warrior hits you with a +0 war axe!!
You die...

#.........#####..##
#.........# ##...
#.........### ###.
#..#####....# #.
##.########## #.
#.#§§§§§§§ #.
#.#§§§§§§§ #.
##.#§§§§§§§ ###.
#.@#§§§§§§§ #...
#.z######§§ ####
#......_#8§
#..######§§
####§§§§§§§ §§§§§§§
§§§§§§§ §§§§§§§
#######


You could see a diamond obelisk (tornado) and a skeletal warrior.

Vanquished Creatures
  Prince Ribbit (D:6)
  Sigmund (D:3)
  A yak (D:7)
  An ice beast (D:7)
  A black bear (D:6)
  4 phantoms
  An eye of draining (D:7)
  3 sky beasts
  2 ogres
  4 centaurs (D:7)
  A bullfrog (D:7)
  A big kobold (D:7)
  10 killer bees
  A howler monkey (D:7)
  A wight (D:7)
  A quasit (D:6)
  A jelly (D:5)
  5 orc priests
  4 hounds
  A centaur skeleton (D:7)
  2 bullfrog skeletons
  4 iguanas
  5 orc wizards
  6 worker ants
  A hound skeleton (D:7)
  A howler monkey skeleton (D:4)
  A howler monkey zombie (D:7)
  9 gnolls
  9 adders
  A shadow imp (D:7)
  3 white imps
  3 ufetubi
  An adder zombie (D:5)
  2 worms
  A dart slug (D:2)
  7 leopard geckos
  24 orcs
  3 giant cockroaches
  6 goblins
  9 hobgoblins
  9 jackals
  14 kobolds
  2 quokkas (D:5)
  2 ball pythons
  4 bats
  6 frilled lizards
  2 quokka skeletons (D:4)
  9 rats
191 creatures vanquished.

Vanquished Creatures (others)
  An orc wizard (D:7)
  2 lurking horrors (D:3)
3 creatures vanquished.

Grand Total: 194 creatures vanquished

Notes
Turn   | Place    | Note
-------+----------+-------------------------------------------
     0 | D:1      | Gadfly the Troll Monk began the quest for the Orb.
     0 | D:1      | Reached XP level 1. HP: 22/22 MP: 0/0
    79 | D:1      | Reached XP level 2. HP: 29/29 MP: 1/1
   512 | D:2      | Reached skill level 1 in Armour
   512 | D:2      | Reached XP level 3. HP: 28/36 MP: 2/2
   643 | D:2      | Reached skill level 1 in Evocations
   643 | D:2      | Reached XP level 4. HP: 34/44 MP: 3/3
  1112 | D:3      | Noticed Sigmund
  1144 | D:3      | Killed Sigmund
  1145 | D:3      | Reached skill level 4 in Unarmed Combat
  1145 | D:3      | Reached XP level 5. HP: 22/52 MP: 4/4
  1145 | D:3      | Reached XP level 6. HP: 25/59 MP: 5/5
  2039 | D:3      | Found a one-way gate to the infinite horrors of the Abyss.
  2048 | D:3      | Found a corrupted altar of Lugonu.
  2461 | D:3      | Learned a level 2 spell: Wereblood
  2557 | D:4      | Found a glowing golden altar of the Shining One.
  2561 | D:4      | Learned a level 2 spell: Swiftness
  2751 | D:4      | Found Zuamesuh's General Store.
  2769 | D:4      | Reached XP level 7. HP: 53/67 MP: 6/6
  2794 | D:4      | Bought a scroll of fog for 26 gold pieces
  2794 | D:4      | Bought a potion of resistance for 130 gold pieces
  2951 | D:4      | Found an ancient bone altar of Kikubaaqudgha.
  2951 | D:4      | Found a stormy altar of Qazlal.
  2951 | D:4      | Found a bloodstained altar of Trog.
  2951 | D:4      | Found a sacrificial altar of Ru.
  3047 | D:4      | Found an opulent altar of Gozag.
  3052 | D:4      | Found a shadowy altar of Dithmenos.
  3159 | D:5      | Entered Level 5 of the Dungeon
  3179 | D:5      | Reached skill level 5 in Unarmed Combat
  3294 | D:5      | Reached XP level 8. HP: 54/75 MP: 7/7
  3469 | D:5      | Found a staircase to the Ecumenical Temple.
  3496 | Temple   | Entered the Ecumenical Temple
  3547 | Temple   | Became a worshipper of the Wu Jian Council
  3547 | Temple   | Reached * piety under Wu Jian
  3547 | Temple   | Reached ** piety under Wu Jian
  4394 | D:6      | Noticed Prince Ribbit
  4544 | D:6      | Reached skill level 6 in Unarmed Combat
  4817 | D:6      | Killed Prince Ribbit
  4818 | D:6      | Reached XP level 9. HP: 59/84 MP: 8/8
  4907 | D:6      | Found a hazy altar of Hepliaklqana.
  5053 | D:6      | Found a stormy altar of Qazlal.
  5249 | D:6      | Reached skill level 5 in Dodging
  5526 | D:7      | Reached skill level 5 in Armour
  5544 | D:7      | Reached skill level 7 in Unarmed Combat
  5670 | D:7      | Reached *** piety under Wu Jian
  6079 | D:7      | Reached skill level 5 in Evocations
  6097 | D:7      | Identified the +6 scale mail "Dauxzi" {+Fly rC+ Will-
                  | Dex+3}
  6097 | D:7      | Noticed a skeletal warrior
  6116 | D:6      | HP: 4/85 [skeletal warrior/+0 war axe (13)]
  6118 | D:6      | Slain by a skeletal warrior

Illustrated notes

Levels and vault maps discovered:
D:1:      shiori_arrival_elements, layout_rooms
D:2:      layout_basic, minmay_tall_x
D:3:      layout_basic, serial_rivers, chequers_serial_rivers_marsh,
          chequers_serial_rivers_large_b, chequers_serial_rivers_small_a,
          chequers_serial_rivers_marsh, amcnicky_altar_lugonu_corruption,
          uniq_sigmund
D:4:      layout_rooms, kennysheep_little_box, minmay_overflow_temple_hex,
          serial_shops, shop
D:5:      layout_basic, minmay_temple_entry_drinking_statues, hex_medium
D:6:      layout_rooms, nzn_hepliaklqana_mist_gate, minmay_misc_feat_tiny,
          nicolae_qazlal_eye_of_the_storm, uniq_prince_ribbit1
D:7:      minmay_the_grid_octo_triangle [minmay_the_grid_octo_clover,
          minmay_the_grid_octo_prize_big_c, minmay_the_grid_octo_toaster],
          layout_loops_ring
Temple:   minmay_temple_bridge_abc

Skill      XL: |  1  2  3  4  5  6  7  8  9 |
---------------+----------------------------+-----
Armour         | 1 2 3 4 5 |  5.6
Evocations     | 1 2 3 4 5 |  5.1
Dodging        | 3 4 5 |  5.8
Unarmed Combat | 4 5 6 7 |  7.4
Fighting       | 3 4 |  4.6
Stealth        | |  1.0

Action                   |  1- 3 |  4- 6 |  7- 9 || total
-------------------------+-------+-------+-------++-------
Melee: Unarmed           |    81 |   171 |   392 ||   644
       Punch             |     1 |     1 |    13 ||    15
Invok: Lunge             |       |       |    17 ||    17
       Whirlwind         |       |       |     8 ||     8
 Abil: Wall Jump         |       |       |     2 ||     2
Evoke: Wand              |       |       |     3 ||     3
  Use: Scroll            |     2 |    10 |     3 ||    15
       Potion            |     1 |     4 |     3 ||     8
 Stab: Sleeping          |     1 |     1 |       ||     2
Armor: Robe              |    39 |    40 |   102 ||   181
       Skin              |       |    10 |       ||    10
Dodge: Dodged            |    55 |    97 |   315 ||   467
